[Event "Titled Tuesday Blitz April 25 Late 2023"]
[White "Zeynalli, Rashad"]
[Black "Rozen, Eytan"]
[WhiteFideId "13403320"]
[BlackFideId "2816750"]
[WhiteElo "2125"]
[BlackElo "2451"]
[Result "0-1"]
[Round "04"]
[TimeControl "180+2"]
[Date "2023.04.25"]
[WhiteClock "0:00:02"]
[BlackClock "0:00:05"]

1. d4 d5 2. Bf4 Nf6 3. e3 Bg4 4. Nf3 e6 5. h3 Bxf3 6. Qxf3 Bd6 7. Nc3 O-O 8. O-O-O c5 9. Bg5 Nbd7 10. Bb5 cxd4 11. exd4 Qa5 12. Bxd7 Nxd7 13. Kb1 b5 14. Bf4 Bxf4 15. Qxf4 Rac8 16. Ne2 b4 17. Rd3 Qa4 18. Rc1 Rc6 19. Rg3 Rfc8 20. Qd2 Ra6 21. a3 Rb8 22. Rb3 bxa3 23. Rxb8+ Nxb8 24. b3 a2+ 25. Ka1 Qa3 26. c4 Nc6 27. cxd5 exd5 28. Qb2 Qxb2+ 29. Kxb2 g5 30. Ra1 Nb4 31. Nc3 Rf6 32. f3 Re6 33. Nxa2 Re2+ 34. Kb1 Nc2 35. Nc3 Re1+ 36. Kxc2 Rxa1 37. Nxd5 Rg1 38. Ne3 Kg7 39. Kd3 Kf6 40. Kc4 Rc1+ 41. Kb5 Re1 42. Ng4+ Ke6 43. Kc4 f5 44. Nf2 Re2 45. Nd3 Rc2+ 46. Kb5 Rxg2 47. Kc6 Rd2 48. Nc5+ Ke7 49. d5 h5 50. Nb7 g4 51. d6+ Ke6 52. Nc5+ Kf7 53. hxg4 fxg4 54. fxg4 hxg4 55. Ne4 Rd4 56. Ng3 Ke6 0-1


[Site "https://www.chess.com"]

[Event "Titled Tuesday Blitz April 25 Late 2023"]
[White "Hambleton, Aman"]
[Black "Martinez Ramirez, Lennis"]
[WhiteFideId "2606577"]
[BlackFideId "3509079"]
[WhiteElo "2511"]
[BlackElo "2410"]
[Result "1-0"]
[Round "04"]
[TimeControl "180+2"]
[Date "2023.04.25"]
[WhiteClock "0:00:03"]
[BlackClock "0:00:01"]

1. d4 e6 2. Bf4 c5 3. e3 Nf6 4. c3 Qb6 5. Qb3 Nc6 6. Nd2 Qxb3 7. axb3 d5 8. h3 Bd7 9. Ngf3 a6 10. Bd3 Rc8 11. O-O Na7 12. Rfe1 Bb5 13. Bc2 cxd4 14. exd4 Be7 15. Ne5 O-O 16. g4 Nc6 17. Nxc6 Rxc6 18. Nf3 Nd7 19. Kg2 Rfc8 20. Bb1 Bd6 21. Bxd6 Rxd6 22. Ne5 Nxe5 23. Rxe5 Rb6 24. b4 Bc4 25. Bc2 Rd6 26. Re3 Bb5 27. h4 Bd7 28. Kg3 Rb6 29. Bd3 Ra8 30. Ra5 Kf8 31. f4 h6 32. Re1 Ke7 33. g5 hxg5 34. fxg5 Rh8 35. Be2 g6 36. Bg4 Kd6 37. Rf1 Ke7 38. Rf2 Rc6 39. Re2 Rc7 40. Rxd5 Bb5 41. Re1 b6 42. Rde5 Bc4 43. d5 Rd8 44. dxe6 Rd3+ 45. Kg2 fxe6 46. Bxe6 Rd2+ 47. Kg3 Kd6 48. Bxc4 Rxc4 49. Re6+ Kc7 50. Re7+ Kc6 51. R1e2 Rd3+ 52. R7e3 1-0


[Site "https://www.chess.com"]

[Event "Titled Tuesday Blitz April 25 Late 2023"]
[White "Rustemov, Alexander"]
[Black "Martic, Ivan"]
[WhiteFideId "4119002"]
[BlackFideId "929301"]
[WhiteElo "2525"]
[BlackElo "2360"]
[Result "1-0"]
[Round "04"]
[TimeControl "180+2"]
[Date "2023.04.25"]
[WhiteClock "0:02:03"]
[BlackClock "0:01:20"]

1. d4 Nf6 2. c4 g6 3. Nf3 Bg7 4. g3 O-O 5. Bg2 d6 6. Nc3 Nc6 7. O-O a6 8. h3 Rb8 9. e4 b5 10. d5 Na5 11. cxb5 axb5 12. b4 Nc4 13. Nd4 Bd7 14. a4 bxa4 15. b5 e5 16. Nc6 Bxc6 17. dxc6 a3 18. Qd3 Nb6 19. Rxa3 h5 20. Be3 h4 21. g4 Nh7 22. Bxb6 Rxb6 23. Nd5 Qb8 24. Nxb6 Qxb6 25. Qc4 Rb8 26. Ra6 Qd4 27. Qxd4 exd4 28. b6 cxb6 29. c7 Rc8 30. Rc1 Be5 31. Rxb6 d5 32. Rb8 Rxb8 33. cxb8=Q+ Bxb8 34. Rc8+ Kg7 35. Rxb8 d3 36. exd5 Ng5 37. Rb3 1-0


[Site "https://www.chess.com"]

[Event "Titled Tuesday Blitz April 25 Late 2023"]
[White "Kushko, Dmitriy"]
[Black "Chylewski, Patryk"]
[WhiteFideId "14162261"]
[BlackFideId "1186191"]
[WhiteElo "2230"]
[BlackElo "2163"]
[Result "0-1"]
[Round "04"]
[TimeControl "180+2"]
[Date "2023.04.25"]
[WhiteClock "0:00:16"]
[BlackClock "0:00:10"]

1. Nf3 Nf6 2. g3 d5 3. Bg2 c6 4. O-O Bg4 5. h3 Bh5 6. d3 Nbd7 7. Qe1 e5 8. e4 Bd6 9. exd5 cxd5 10. Nxe5 Nxe5 11. d4 Qe7 12. dxe5 Bxe5 13. Kh2 Be2 14. Rh1 O-O 15. Nc3 Bc4 16. f4 Bd6 17. Qxe7 Bxe7 18. Be3 Rfd8 19. Rad1 Bb4 20. Bd4 Re8 21. Rhe1 Ne4 22. Bf3 Nxc3 23. bxc3 Ba5 24. a3 a6 25. g4 Bc7 26. Be5 Bxe5 27. fxe5 Rad8 28. Kg3 b5 29. Kf4 Rd7 30. g5 g6 31. h4 Kg7 32. h5 h6 33. gxh6+ Kxh6 34. Rg1 Rde7 35. Rg5 a5 36. Rdg1 Re6 37. Rh1 Kg7 38. Bg4 R6e7 39. Bf3 a4 40. Rhg1 Re6 41. R1g3 R8e7 42. Bg2 Rb6 43. Bh3 Kh6 44. Bg2 Rbe6 45. Bf3 Rc6 46. Rg1 Rb6 47. Rd1 Rbe6 48. hxg6 fxg6 49. Bxd5 Rf7+ 50. Ke4 Bxd5+ 51. Rxd5 Kxg5 52. Rxb5 Rfe7 53. c4 Kh4 54. c5 g5 55. Rb8 Rxe5+ 56. Kd4 Re4+ 57. Kd5 g4 58. c6 R4e5+ 59. Kd6 R5e6+ 60. Kd5 Re5+ 61. Kd6 R7e6+ 62. Kd7 Rg6 63. Rh8+ Kg3 64. c7 Rd5+ 65. Ke7 Rc5 66. c8=Q Rxc8 67. Rxc8 Kf2 68. Rf8+ Kg1 69. c4 Rc6 70. Rf4 g3 71. Kd7 Rc5 72. Kd6 Rh5 73. c5 g2 74. c6 Kh2 75. Rf2 Kg3 76. Rxg2+ Kxg2 77. c7 Rh8 78. Kd7 Kf3 79. c8=Q Rxc8 80. Kxc8 Ke4 81. Kc7 Kd4 82. Kc6 Kc4 83. Kd6 Kb3 84. Kd5 Kxa3 85. Kd4 Kb2 86. Kc4 a3 0-1


[Site "https://www.chess.com"]

[Event "Titled Tuesday Blitz April 25 Late 2023"]
[White "Karttunen, Mika"]
[Black "Leitao, Rafael"]
[WhiteFideId "502081"]
[BlackFideId "2101246"]
[WhiteElo "2396"]
[BlackElo "2609"]
[Result "1/2-1/2"]
[Round "04"]
[TimeControl "180+2"]
[Date "2023.04.25"]
[WhiteClock "0:00:04"]
[BlackClock "0:00:15"]

1. e4 e5 2. Nf3 Nc6 3. Bb5 a6 4. Ba4 d6 5. c3 Bd7 6. O-O Nge7 7. d4 Ng6 8. d5 Nb8 9. Bxd7+ Qxd7 10. c4 Be7 11. Nc3 O-O 12. Be3 f5 13. exf5 Qxf5 14. b4 Nd7 15. Rc1 a5 16. a3 axb4 17. axb4 Nf4 18. Bxf4 Qxf4 19. Nb5 Rac8 20. Na7 Rce8 21. Nb5 Bd8 22. Qb3 b6 23. Qe3 Qg4 24. h3 Qh5 25. Rfe1 e4 26. Nfd4 Bg5 27. Qe2 Qxe2 28. Nxe2 Bxc1 29. Rxc1 e3 30. f3 Ne5 31. Rc3 Ra8 32. Nxc7 Rfc8 33. Nxa8 Rxa8 34. f4 Ra2 35. Rxe3 Nxc4 36. Re6 Rb2 37. Nc3 Rxb4 38. Ne4 h6 39. Nxd6 Nd2 40. Kf2 Rd4 41. Ke3 Rxd5 42. Ne4 Nc4+ 43. Kf3 b5 44. Re8+ Kf7 45. Rb8 Kg6 46. g4 Kh7 47. h4 Rd3+ 48. Kf2 Rd4 49. Kf3 Rd3+ 50. Kf2 Rd4 51. Kf3 Rd3+ 1/2-1/2


[Site "https://www.chess.com"]

[Event "Titled Tuesday Blitz April 25 Late 2023"]
[White "Fiorito, Francisco"]
[Black "Popilski, Gil"]
[WhiteFideId "180165"]
[BlackFideId "2809060"]
[WhiteElo "2341"]
[BlackElo "2537"]
[Result "0-1"]
[Round "04"]
[TimeControl "180+2"]
[Date "2023.04.25"]
[WhiteClock "0:00:03"]
[BlackClock "0:00:25"]

1. e4 c5 2. d3 Nc6 3. g3 g6 4. Bg2 Bg7 5. f4 d6 6. Nf3 e6 7. O-O Nge7 8. c3 O-O 9. Be3 b5 10. d4 cxd4 11. cxd4 a5 12. Nc3 b4 13. Na4 Ba6 14. Re1 Rb8 15. Bf2 Qd7 16. Bf1 Bxf1 17. Rxf1 f5 18. e5 Nd5 19. b3 Na7 20. Qd2 Nb5 21. Rfe1 Nbc3 22. Nxc3 Nxc3 23. Qe3 dxe5 24. dxe5 Rfd8 25. Nd4 Bf8 26. Ne2 Ne4 27. Rac1 Rbc8 28. Qf3 Nd2 29. Qg2 Qd3 30. Rxc8 Rxc8 31. Nd4 Ne4 32. Be3 Bc5 33. Qc2 Qc3 34. Qxc3 bxc3 35. Nc2 Rd8 36. Bxc5 Nxc5 37. Re2 Rd1+ 38. Kf2 Nd3+ 39. Ke3 Nc1 40. Rf2 Rd3# 0-1


[Site "https://www.chess.com"]

[Event "Titled Tuesday Blitz April 25 Late 2023"]
[White "Przybylski, Wojciech"]
[Black "Cheparinov, Ivan"]
[WhiteFideId "1117599"]
[BlackFideId "2905540"]
[WhiteElo "2222"]
[BlackElo "2613"]
[Result "1/2-1/2"]
[Round "04"]
[TimeControl "180+2"]
[Date "2023.04.25"]
[WhiteClock "0:00:20"]
[BlackClock "0:00:21"]

1. e4 c6 2. Nc3 d5 3. Nf3 dxe4 4. Nxe4 Nf6 5. Nc3 Bf5 6. Bc4 e6 7. a4 a5 8. O-O h6 9. h3 Be7 10. d4 Nbd7 11. Re1 O-O 12. Ne2 Nb6 13. Bb3 Nbd5 14. c3 Qc7 15. Ng3 Bh7 16. Ne5 Rad8 17. Qe2 c5 18. Bd2 cxd4 19. cxd4 Bb4 20. Rec1 Qb6 21. Be3 Rc8 22. Qb5 Qxb5 23. axb5 Nxe3 24. Rxc8 Rxc8 25. fxe3 Nd5 26. Kf2 Kf8 27. Ke2 Ke7 28. Nd3 Bxd3+ 29. Kxd3 Nb6 30. e4 g6 31. Ne2 e5 32. dxe5 Rd8+ 33. Ke3 Bc5+ 34. Kf4 Rd3 35. Nc3 Be3+ 36. Kf3 Bd4+ 37. Ke2 Re3+ 38. Kd2 Rg3 39. Nd5+ Nxd5 40. Bxd5 b6 41. Rf1 Rxg2+ 42. Kd3 Rf2 43. Rxf2 Bxf2 44. b3 Bg3 45. Kd4 Bf4 46. Bc4 h5 47. Kd5 Bg3 48. Be2 Bf2 49. Bd1 Bc5 50. Be2 Bf2 51. Bd1 Bg3 52. Be2 f6 53. exf6+ Kxf6 54. Bd1 Be5 55. Be2 Bc3 56. Bd1 Kg5 57. e5 Kf4 58. e6 Bb4 59. Bc2 g5 60. Bd1 g4 61. hxg4 h4 62. Bc2 h3 63. Be4 Kxg4 64. Kc6 Kf4 65. Bd5 Ke5 66. Bf3 Kxe6 67. Bg4+ Ke5 68. Bxh3 Bc5 69. Bg2 Kd4 70. Bd5 Kc3 71. Be6 Kb4 72. Bf7 1/2-1/2


[Site "https://www.chess.com"]

[Event "Titled Tuesday Blitz April 25 Late 2023"]
[White "Liu, Eric"]
[Black "Sieciechowicz, Marcin"]
[WhiteFideId "30960240"]
[BlackFideId "1130170"]
[WhiteElo "2094"]
[BlackElo "2302"]
[Result "0-1"]
[Round "04"]
[TimeControl "180+2"]
[Date "2023.04.25"]
[WhiteClock "0:02:00"]
[BlackClock "0:00:50"]

1. b3 a5 2. Bb2 a4 3. e3 e6 4. h4 Nf6 5. h5 a3 6. Bc1 h6 7. c4 d5 8. Nc3 c5 9. d4 cxd4 10. Qxd4 Nc6 11. Qd1 Bb4 12. Bd2 Qa5 13. Qc2 d4 14. Nb5 dxe3 15. Nd6+ Ke7 16. Nxc8+ Raxc8 17. fxe3 Rhd8 18. Nf3 Bxd2+ 19. Nxd2 Nb4 20. Qc1 Ne4 21. Nxe4 Nd3+ 22. Ke2 Nxc1+ 23. Rxc1 Qe5 24. Nc3 Rd7 25. Kf2 Qf5+ 26. Kg3 Qg5+ 27. Kf2 Rd2+ 28. Be2 Rcd8 29. Rhd1 Rxd1 30. Bxd1 Rd3 31. Ne2 Qxe3+ 32. Kf1 Rd2 33. Ke1 Rxe2+ 34. Bxe2 Qxc1+ 0-1


[Site "https://www.chess.com"]

[Event "Titled Tuesday Blitz April 25 Late 2023"]
[White "Yanchenko, Roman"]
[Black "Richter, Paul"]
[WhiteFideId "4137329"]
[BlackFideId "2046350"]
[WhiteElo "2491"]
[BlackElo "2171"]
[Result "1/2-1/2"]
[Round "04"]
[TimeControl "180+2"]
[Date "2023.04.25"]
[WhiteClock "0:00:05"]
[BlackClock "0:00:10"]

1. d4 Nf6 2. c4 g6 3. Nc3 Bg7 4. Nf3 O-O 5. g3 d6 6. Bg2 Nbd7 7. O-O e5 8. e3 exd4 9. exd4 Re8 10. h3 c6 11. Bf4 Nb6 12. b3 d5 13. c5 Nbd7 14. Qc1 Nf8 15. Bh6 Bf5 16. Bxg7 Kxg7 17. Ne5 N8d7 18. f4 Ne4 19. g4 Nxc3 20. Qxc3 Nxe5 21. fxe5 Be6 22. Rf6 Qe7 23. Raf1 Rac8 24. b4 b6 25. Qg3 bxc5 26. bxc5 h6 27. R1f2 Rb8 28. Bf1 Rb4 29. Qe3 Rb1 30. Kh2 Qb7 31. Bd3 Rb2 32. Bc2 Rxa2 33. Qf4 Qe7 34. h4 Rb8 35. h5 Rbb2 36. Qc1 g5 37. Kg3 Qb7 38. Rxh6 Ra3+ 39. Kg2 Kxh6 40. Rf6+ Kg7 41. Qxg5+ Kf8 42. Rf2 Rxc2 43. Qd8+ Kg7 44. Qf6+ Kf8 45. Qd8+ Kg7 46. h6+ Kxh6 47. Qh8+ Kg6 48. Qg8+ Kh6 49. g5+ Kh5 50. Qh7+ Kxg5 51. Qg7+ Kh5 52. Rxc2 Qb3 53. Qh7+ Kg5 54. Qg7+ Kh5 55. Qh7+ Kg4 56. Qg7+ Kh5 1/2-1/2


[Site "https://www.chess.com"]

[Event "Titled Tuesday Blitz April 25 Late 2023"]
[White "Bryakin, Mikhail"]
[Black "Bilan, Danila"]
[WhiteFideId "4165314"]
[BlackFideId "24161918"]
[WhiteElo "2447"]
[BlackElo "2182"]
[Result "1-0"]
[Round "04"]
[TimeControl "180+2"]
[Date "2023.04.25"]
[WhiteClock "0:01:26"]
[BlackClock "0:00:04"]

1. e4 c6 2. c4 d5 3. e5 Bf5 4. Nf3 e6 5. cxd5 cxd5 6. Nd4 Bg6 7. Bb5+ Nd7 8. f4 Be4 9. Qe2 Bc5 10. Nb3 Bb6 11. Nc3 Bg6 12. d4 a6 13. Bd3 Ne7 14. Be3 Bxd3 15. Qxd3 Rc8 16. O-O O-O 17. Na4 Rc4 18. Nxb6 Qxb6 19. g4 Rfc8 20. f5 Nxe5 21. dxe5 Rxg4+ 22. Kh1 d4 23. Bxd4 Qc6+ 24. Qf3 Nxf5 25. Qxc6 Rxc6 26. Bc3 h5 27. Rg1 Rh4 28. Rad1 Ne3 29. Rd8+ Kh7 30. Nd4 Rc5 31. Nf3 Rh3 32. Ng5+ Kg6 33. Nxh3+ 1-0


[Site "https://www.chess.com"]

[Event "Titled Tuesday Blitz April 25 Late 2023"]
[White "Papasimakopoulos, Alexandros"]
[Black "Roebers, Eline"]
[WhiteFideId "4244125"]
[BlackFideId "1058401"]
[WhiteElo "2359"]
[BlackElo "2356"]
[Result "1-0"]
[Round "04"]
[TimeControl "180+2"]
[Date "2023.04.25"]
[WhiteClock "0:00:17"]
[BlackClock "0:00:08"]

1. d4 f5 2. Nf3 Nf6 3. e3 g6 4. Be2 Bg7 5. c4 O-O 6. b4 c6 7. O-O d5 8. b5 h6 9. a4 Be6 10. a5 a6 11. bxa6 Nxa6 12. Ne5 Kh7 13. Qb3 Rb8 14. Nc3 Ne4 15. cxd5 Nxc3 16. Qxc3 Bxd5 17. Ba3 f4 18. Rab1 Qc8 19. Bxe7 Bxe5 20. Bxf8 f3 21. Bxf3 Bxf3 22. gxf3 Qxf8 23. dxe5 Qxf3 24. Qd4 Nc5 25. Qf4 Qh5 26. e6 Rf8 27. Qc7+ Kg8 28. e7 Re8 29. Rfd1 Ne4 30. Rd8 Qg4+ 31. Kf1 Qh3+ 32. Ke1 Nf6 33. Rxe8+ Nxe8 34. Qg3 Qf5 35. Rxb7 Qxa5+ 36. Kf1 Qa6+ 37. Kg1 Qxb7 38. Qxg6+ Kh8 39. Qxe8+ Kh7 40. Qf7+ Kh8 41. e8=Q# 1-0


[Site "https://www.chess.com"]

[Event "Titled Tuesday Blitz April 25 Late 2023"]
[White "Ronka, Erik"]
[Black "Schmakel, Sam"]
[WhiteFideId "505080"]
[BlackFideId "2039311"]
[WhiteElo "2264"]
[BlackElo "2356"]
[Result "0-1"]
[Round "04"]
[TimeControl "180+2"]
[Date "2023.04.25"]
[WhiteClock "0:00:14"]
[BlackClock "0:00:14"]

1. e4 Nc6 2. Nf3 d6 3. d4 Nf6 4. Nc3 g6 5. Be3 Bg7 6. Qd2 Ng4 7. Bg5 h6 8. Bh4 a6 9. h3 Nf6 10. O-O-O b5 11. e5 dxe5 12. dxe5 Qxd2+ 13. Rxd2 Nd7 14. Nd5 Ra7 15. e6 fxe6 16. Nf4 Kf7 17. Bg3 e5 18. Nd5 Nc5 19. Nc3 e4 20. Ne1 e5 21. a4 Nd4 22. a5 Rd8 23. Rd1 b4 24. Ne2 Be6 25. Nxd4 exd4 26. Be2 c6 27. f3 d3 28. fxe4 dxe2 29. Rxd8 Bf6 30. Rd2 Bg5 31. Nf3 Bxd2+ 32. Kxd2 Nxe4+ 33. Kxe2 Nxg3+ 34. Kf2 Nxh1+ 35. Kg1 Ng3 36. Ne5+ Kg7 37. Nxc6 Rc7 38. Nxb4 Ne2+ 39. Kf2 Nd4 40. c3 Nc6 41. Nxa6 Ra7 42. Nc5 Bd5 43. b4 Nxa5 44. Nd3 Nc4 45. Nf4 Bf7 46. Kg3 g5 47. Ne2 Ra3 48. h4 Bh5 49. Nd4 Rxc3+ 50. Kh2 gxh4 51. Nf5+ Kh7 52. Nxh4 Rb3 53. b5 Rxb5 54. Kg3 Nd6 55. Nf5 Nxf5+ 56. Kf4 Bg6 57. g4 Rb4+ 58. Kf3 Nd4+ 59. Kg2 Kg7 60. g5 hxg5 61. Kg3 Ne6 62. Kh3 Kf6 63. Kh2 Kf5 64. Kg3 Rb3+ 65. Kf2 Kf4 66. Ke2 g4 67. Kd2 g3 68. Kc1 g2 69. Kd2 g1=Q 70. Ke2 Qe3+ 71. Kd1 Rb1# 0-1


[Site "https://www.chess.com"]

[Event "Titled Tuesday Blitz April 25 Late 2023"]
[White "Ladan, Nicholas"]
[Black "Lamaze, Simon"]
[WhiteFideId "30918855"]
[BlackFideId "36069264"]
[WhiteElo "2167"]
[BlackElo "2272"]
[Result "1-0"]
[Round "04"]
[TimeControl "180+2"]
[Date "2023.04.25"]
[WhiteClock "0:01:37"]
[BlackClock "0:02:27"]

1. d4 Nf6 2. Nf3 e6 3. Bf4 c5 4. e3 d5 5. Nbd2 Nc6 6. c3 Nh5 7. Be5 f6 8. Bg3 Qb6 9. Qb3 Nxg3 10. hxg3 cxd4 11. exd4 Qc7 12. Bd3 f5 13. O-O-O Bd7 14. Kb1 Bd6 15. Rde1 O-O 16. Ng5 Rfe8 17. Nxh7 b5 18. Qd1 g6 19. Nf6+ Kg7 20. Nxe8+ Rxe8 21. Bxb5 Qb6 22. Bxc6 Bxc6 23. Nb3 a5 24. Qd2 a4 25. Qh6+ Kf6 26. Qh4+ Kg7 27. Qh7+ Kf6 28. Rh6 1-0


[Site "https://www.chess.com"]

[Event "Titled Tuesday Blitz April 25 Late 2023"]
[White "Sviridov, Valery"]
[Black "Korkmaz, Necmettin"]
[WhiteFideId "4120680"]
[BlackFideId "6303285"]
[WhiteElo "2457"]
[BlackElo "2097"]
[Result "1-0"]
[Round "04"]
[TimeControl "180+2"]
[Date "2023.04.25"]
[WhiteClock "0:01:04"]
[BlackClock "0:00:12"]

1. d4 d5 2. Nf3 Nf6 3. c4 c6 4. e3 e6 5. Nc3 Nbd7 6. Qc2 Bd6 7. Be2 O-O 8. O-O dxc4 9. Bxc4 b5 10. Bd3 Bb7 11. a4 a6 12. Rd1 Qc7 13. h3 Rac8 14. Qe2 Rfd8 15. e4 e5 16. axb5 cxb5 17. d5 Nc5 18. Bg5 Be7 19. Bc2 h6 20. Be3 b4 21. Na4 Nxa4 22. Bxa4 Nxe4 23. Rac1 Qa5 24. Bc6 Bxc6 25. dxc6 Nf6 26. Rxd8+ Bxd8 27. Qc4 Bc7 28. Nd2 Rd8 29. Ne4 Nxe4 30. Qxe4 Qb5 31. Qg4 Kh8 32. Qf5 Qd5 33. g3 Kg8 34. Qg4 Qe6 35. Qxb4 Qxh3 36. Qb7 Rc8 37. Rd1 e4 38. Rd7 Rb8 39. Qxc7 Rxb2 40. Qd8+ Kh7 41. Rd1 f5 42. Qd7 Qg4 43. c7 Rc2 44. Rc1 Rxc1+ 45. Bxc1 Qd1+ 46. Qxd1 1-0


[Site "https://www.chess.com"]

[Event "Titled Tuesday Blitz April 25 Late 2023"]
[White "Gritsenko, Nikolai"]
[Black "Erdogan, Anil Berk"]
[WhiteFideId "14112493"]
[BlackFideId "6348173"]
[WhiteElo "2389"]
[BlackElo "2007"]
[Result "1-0"]
[Round "04"]
[TimeControl "180+2"]
[Date "2023.04.25"]
[WhiteClock "0:00:52"]
[BlackClock "0:00:01"]

1. d4 Nf6 2. Bg5 e6 3. Nd2 d5 4. e3 Be7 5. Bd3 h6 6. Bh4 Nbd7 7. f4 c5 8. c3 b6 9. Qe2 Bb7 10. Bxf6 Nxf6 11. Ngf3 O-O 12. Ba6 Qc8 13. Bxb7 Qxb7 14. O-O Ne4 15. Nxe4 dxe4 16. Nd2 cxd4 17. exd4 f5 18. Nc4 Rac8 19. Ne3 b5 20. a3 a5 21. g4 b4 22. axb4 axb4 23. c4 Bf6 24. Rad1 Rfd8 25. d5 exd5 26. Nxd5 fxg4 27. Qxe4 Qa7+ 28. Kh1 Qf7 29. b3 Re8 30. Qg2 h5 31. Rde1 Qg6 32. h3 Bc3 33. f5 Qg5 34. Re6 Qh4 35. Rf4 Be5 36. Re4 gxh3 37. Qf3 1-0


[Site "https://www.chess.com"]

[Event "Titled Tuesday Blitz April 25 Late 2023"]
[White "Kuzmin, Roman"]
[Black "Rastbod, Ali"]
[WhiteFideId "44134932"]
[BlackFideId "12567477"]
[WhiteElo "2192"]
[BlackElo "2248"]
[Result "0-1"]
[Round "04"]
[TimeControl "180+2"]
[Date "2023.04.25"]
[WhiteClock "0:00:06"]
[BlackClock "0:00:21"]

1. e4 Nc6 2. Nc3 g6 3. d4 Bg7 4. Nf3 d6 5. d5 Nb8 6. Be3 c6 7. Qd2 Nf6 8. Bh6 Bxh6 9. Qxh6 Qa5 10. Qd2 Bg4 11. Nd4 O-O 12. h3 Bc8 13. Be2 cxd5 14. exd5 Nbd7 15. O-O Nb6 16. Nb3 Qb4 17. a3 Qh4 18. Rfe1 Bd7 19. Bf3 Rfe8 20. Na5 Nc4 21. Nxc4 Qxc4 22. Ne4 Kg7 23. Nxf6 exf6 24. b3 Qc5 25. c4 a5 26. Rec1 Rec8 27. b4 Qb6 28. Rab1 axb4 29. axb4 Qa7 30. Be2 Qa3 31. Bf1 Bf5 32. Rb2 Ra4 33. c5 dxc5 34. bxc5 Rxc5 35. Rxc5 Qxc5 36. Rxb7 Rd4 37. Qe3 Rxd5 38. Qe8 Qf8 39. Qxf8+ Kxf8 40. Bc4 Rd7 41. Rxd7 Bxd7 42. g3 Ke7 43. h4 Be6 44. Be2 Kd6 45. Kg2 Ke5 46. Kf3 Kd4 47. Bf1 g5 48. hxg5 fxg5 49. Ba6 f5 50. Bb7 Bd5+ 51. Bxd5 Kxd5 52. Ke3 h5 53. Kf3 Kd4 54. Kg2 Ke4 55. Kg1 Kf3 56. Kf1 h4 57. gxh4 gxh4 58. Kg1 h3 59. Kh2 Kxf2 60. Kxh3 f4 0-1


[Site "https://www.chess.com"]

[Event "Titled Tuesday Blitz April 25 Late 2023"]
[White "Larino Nieto, David"]
[Black "Remolar Gallen, Jose"]
[WhiteFideId "2256444"]
[BlackFideId "2215187"]
[WhiteElo "2506"]
[BlackElo "2223"]
[Result "1/2-1/2"]
[Round "04"]
[TimeControl "180+2"]
[Date "2023.04.25"]
[WhiteClock "0:00:03"]
[BlackClock "0:00:10"]

1. e4 c5 2. Nc3 d6 3. g3 g6 4. Bg2 Bg7 5. d3 Nc6 6. f4 e6 7. Nf3 Nge7 8. O-O O-O 9. Be3 Nd4 10. Bf2 Rb8 11. Nxd4 cxd4 12. Ne2 Nc6 13. g4 Bd7 14. f5 Be5 15. c3 dxc3 16. bxc3 Qa5 17. d4 Bg7 18. Bg3 e5 19. d5 Nd8 20. h4 f6 21. g5 fxg5 22. hxg5 gxf5 23. Bh3 Qc5+ 24. Kg2 Qc8 25. exf5 Bxf5 26. Bxf5 Rxf5 27. Qd3 Rxg5 28. Rh1 Qf5 29. Qe3 Rg4 30. Raf1 Qe4+ 31. Qxe4 Rxe4 32. Kf3 Ra4 33. Rfg1 Nf7 34. Bh4 Rf8 35. Ke3 Nh6 36. Ng3 Rff4 37. Nh5 Nf5+ 38. Kd3 Rxh4 39. Rxh4 Rxh4 40. Nf6+ Kf7 41. Ne4 Rh3+ 42. Kc4 Rh4 43. Kd3 Bh6 44. Rf1 Rf4 45. Rb1 Rf3+ 46. Kc2 Ne3+ 47. Kb3 Nxd5 48. Nxd6+ Ke6 49. Nxb7 Rxc3+ 50. Ka4 Rc7 51. Rb3 Bf8 52. Nd8+ Kd7 53. Nf7 Ke6 54. Ng5+ Kf5 55. Nf3 Nb6+ 56. Kb5 e4 57. Nd4+ Ke5 58. Ne2 Rc5+ 59. Ka6 Rc7 60. Rh3 Nc4 61. Rh5+ Kf6 62. Nf4 Ne5 63. Nd5+ Kg6 64. Rxe5 Rc6+ 65. Kb5 Rc5+ 66. Ka6 e3 67. Nf4+ Kf6 68. Rxe3 Bh6 69. Rf3 Rf5 70. Nd5+ Ke5 71. Rxf5+ Kxf5 72. Kxa7 Ke4 73. Nf6+ Kf5 74. Nxh7 Kg6 75. Kb7 Kxh7 76. a4 Bd2 77. a5 Bxa5 1/2-1/2


[Site "https://www.chess.com"]

[Event "Titled Tuesday Blitz April 25 Late 2023"]
[White "Jaskolka, Tomasz"]
[Black "Sabuk, Piotr"]
[WhiteFideId "1170791"]
[BlackFideId "1137565"]
[WhiteElo "2155"]
[BlackElo "2298"]
[Result "0-1"]
[Round "04"]
[TimeControl "180+2"]
[Date "2023.04.25"]
[WhiteClock "0:00:13"]
[BlackClock "0:00:06"]

1. d4 d5 2. Bf4 Nf6 3. e3 c5 4. c3 Nc6 5. Nd2 e6 6. Ngf3 cxd4 7. exd4 Nh5 8. Be3 Bd6 9. g3 Nf6 10. Bd3 h6 11. Qe2 Ng4 12. O-O-O Bd7 13. Kb1 Rb8 14. h3 Nxe3 15. Qxe3 b5 16. Ne5 Bxe5 17. dxe5 Qb6 18. Qxb6 Rxb6 19. f4 Ke7 20. Rde1 Na5 21. b3 Rc8 22. Kb2 Nc4+ 23. Nxc4 bxc4 24. Bc2 a5 25. Rhf1 Rcb8 26. f5 exf5 27. Bxf5 Bxf5 28. Rxf5 cxb3 29. e6 bxa2+ 30. Kxa2 Rxe6 31. Ref1 f6 32. Rxd5 Re2+ 33. Ka3 Re3 34. Rc5 Rxg3 35. h4 h5 36. Re1+ Kf7 37. Rd1 Rb7 38. Rdd5 Kg6 39. Rc6 Rh3 40. Rg5+ Kh6 41. Rxa5 Rxh4 42. c4 Rh1 43. Ka2 Rc1 44. Rc8 Kg6 45. c5 h4 46. c6 Rb6 47. c7 Rb7 48. Rh8 Rbxc7 49. Rxh4 R7c2+ 50. Kb3 Rc3+ 51. Kb2 R3c2+ 52. Kb3 Rc7 53. Rg4+ Kf7 54. Rb4 Rb1+ 55. Ka4 Rxb4+ 56. Kxb4 g5 57. Kb3 Kg6 58. Ra6 g4 59. Ka2 Kg5 60. Rb6 f5 61. Rb2 g3 62. Kb1 Kg4 63. Ka2 f4 64. Kb1 f3 65. Rb4+ Kh3 66. Ka2 g2 67. Rb3 Kg3 68. Rb1 Ra7+ 69. Kb2 Rb7+ 70. Kc2 Rxb1 71. Kd2 Rb2+ 72. Kd3 g1=Q 73. Ke4 Qe1+ 74. Kd3 Rd2+ 75. Kc3 Qc1+ 76. Kb3 Rb2+ 77. Ka3 Qa1# 0-1


[Site "https://www.chess.com"]

[Event "Titled Tuesday Blitz April 25 Late 2023"]
[White "Jaracz, Pawel"]
[Black "Koc, Przemyslaw"]
[WhiteFideId "1102222"]
[BlackFideId "1109081"]
[WhiteElo "2438"]
[BlackElo "2161"]
[Result "0-1"]
[Round "04"]
[TimeControl "180+2"]
[Date "2023.04.25"]
[WhiteClock "0:00:02"]
[BlackClock "0:00:43"]

1. e4 e5 2. Nf3 Nf6 3. Nxe5 Nxe4 4. Qe2 Qe7 5. Qxe4 d6 6. d4 dxe5 7. dxe5 Nc6 8. Bb5 Bd7 9. Nc3 O-O-O 10. Bf4 Qb4 11. O-O-O Qxe4 12. Nxe4 Nxe5 13. Bxd7+ Nxd7 14. Ng5 Be7 15. Nxf7 Rdf8 16. Nxh8 Rxf4 17. Rhe1 Kd8 18. Re3 Rf8 19. Rg3 g5 20. h4 Rxh8 21. hxg5 Rf8 22. f3 Bd6 23. Rg4 Ne5 24. Re4 Ng6 25. Kb1 Rf5 26. Rh1 Rxg5 27. g4 Nf8 28. Rh5 Rxh5 29. gxh5 Kd7 30. c3 Ne6 31. Kc2 Ke7 32. b4 Kf6 33. Rg4 Ng5 34. f4 Ne6 35. Rg8 Nxf4 36. h6 Ne6 37. Kd3 Bf4 38. Ra8 a6 39. Ra7 Nd8 40. Ra8 Ke7 0-1


[Site "https://www.chess.com"]

[Event "Titled Tuesday Blitz April 25 Late 2023"]
[White "Aldokhin, Ivan"]
[Black "Khandelwal, Ankush"]
[WhiteFideId "24115720"]
[BlackFideId "413470"]
[WhiteElo "2322"]
[BlackElo "2263"]
[Result "1/2-1/2"]
[Round "04"]
[TimeControl "180+2"]
[Date "2023.04.25"]
[WhiteClock "0:00:05"]
[BlackClock "0:00:05"]

1. e4 c5 2. Nf3 d6 3. d4 cxd4 4. Nxd4 Nf6 5. Nc3 a6 6. Bc4 b5 7. Bd5 Nxd5 8. exd5 Bb7 9. Qf3 e5 10. Nc6 Qc7 11. Nxb8 Rxb8 12. a3 Be7 13. Qg3 Kf8 14. O-O h5 15. f4 h4 16. Qf3 Bf6 17. fxe5 Bxe5 18. Bf4 h3 19. Bxe5 dxe5 20. g4 e4 21. Qxe4 Re8 22. Qf4 Qc5+ 23. Qf2 Qc7 24. Rae1 Rxe1 25. Rxe1 Rh6 26. Re3 Rf6 27. Qg3 Qc5 28. Qe5 Kg8 29. b4 Qc8 30. Qe8+ Qxe8 31. Rxe8+ Kh7 32. Re7 Ba8 33. Ne4 Rf4 34. Ng3 Bxd5 35. Re5 Be6 36. g5 Rc4 37. Re2 Rc3 38. Ne4 Rxa3 39. Nc5 Ra1+ 40. Kf2 Rh1 41. Kg3 Rg1+ 42. Kh4 Rg2 43. Re4 Rxh2 44. Nxe6 fxe6 45. Kg3 Rxc2 46. Rxe6 Rc3+ 47. Kg4 Rc4+ 48. Kxh3 Rxb4 49. Kg3 Rb3+ 50. Kg4 Rb4+ 51. Kg3 Rb3+ 52. Kg4 Ra3 53. Kf5 g6+ 54. Kf6 Rf3+ 55. Ke7 Rf5 56. Rxa6 Rxg5 57. Rb6 Rf5 58. Ke6 Kh6 59. Rb8 Kg5 60. Rb7 Kf4 61. Rg7 g5 62. Rd7 g4 63. Rd4+ Kg5 64. Rb4 g3 65. Rb3 Kg4 66. Rxg3+ Kxg3 67. Kxf5 Kf3 68. Ke5 Ke3 69. Kd5 Kd3 70. Kc5 b4 71. Kxb4 1/2-1/2


[Site "https://www.chess.com"]